 Dungeon Crawl Stone Soup version 0.17-a0-737-gf0a300a (webtiles) character file.

60 Ngotmuk the Covered (level 3, -2/34 HPs)
             Began as a Deep Dwarf Fighter on Apr 26, 2015.
             Slain by Ngotmuk's ghost (10 damage)
             ... on level 3 of the Dungeon.
             The game lasted 00:03:45 (1362 turns).

Ngotmuk the Covered (Deep Dwarf Fighter)            Turns: 1362, Time: 00:03:45

Health: -2/34      AC:  8    Str: 20    XL:     3   Next: 80%
Magic:  3/3        EV:  7    Int:  8    God:
Gold:   104        SH:  9    Dex: 12    Spells: 0 memorised, 2 levels left

rFire  . . .     SeeInvis .     a - +0 war axe
rCold  . . .     Clarity  +     b - +0 scale mail
rNeg   . . .     SustAb   .     c - +0 shield
rPois  +         Gourm    .     g - +0 helmet
rElec  .         Spirit   .     (no cloak)
rCorr  .         Warding  .     (no gloves)
rMut   .         Stasis   .     (no boots)
MR     .....                    n - amulet of clarity
Stlth  +.........               v - ring of stealth
                                j - ring of poison resistance

@: non-regenerating, not resistant to hostile enchantments, very unstealthy
A: damage resistance, recharge devices, sense surroundings 1, slow healing 3
a: Device Recharging


You were on level 3 of the Dungeon.
You were not hungry.

You visited 1 branch of the dungeon, and saw 3 of its levels.

You collected 104 gold pieces.

Inventory:

Hand weapons
 a - a +0 war axe (weapon)
Armour
 b - a +0 scale mail (worn)
 c - a +0 shield (worn)
 g - a +0 helmet (worn)
Jewellery
 j - a ring of poison resistance (left hand)
 n - an amulet of clarity (around neck)
 v - a ring of stealth (right hand)
Magical devices
 e - a wand of heal wounds (5)
Scrolls
 k - a scroll of enchant armour {unknown}
 m - 3 scrolls of identify {unknown}
 p - a scroll of enchant weapon {unknown}
 q - a scroll of blinking {unknown}
 r - a scroll of remove curse {unknown}
 u - a scroll of amnesia {unknown}
 w - 3 scrolls of recharging {unknown}
Potions
 d - a potion of might
 h - 2 potions of curing {unknown}
 i - a potion of mutation {unknown}
 l - a potion of lignification {unknown}
 o - a potion of cancellation {unknown}
 s - a potion of cure mutation {unknown}
 t - a potion of degeneration {unknown}
 x - a potion of resistance {unknown}
Comestibles
 f - 2 bread rations
 z - 4 fruits


   Skills:
 + Level 3.1 Fighting
 * Level 3.0 Axes
 + Level 3.8 Armour
 + Level 0.9 Dodging
 + Level 3.6 Shields


You had 2 spell levels left.
You didn't know any spells.

Dungeon Overview and Level Annotations

Branches:
Dungeon (3/15)

Altars:
Trog

Annotations:
D:3 Ngotmuk's ghost, average DDFi


Innate Abilities, Weirdness & Mutations

You are resistant to damage.
You can recharge devices by infusing magical energy.
You passively map a small area around you.
You do not heal naturally.


Message History

You closely miss the rat. You block the rat's attack.
You completely miss the rat. The rat bites you but does no damage.
You slash the rat!
You kill the rat!
Ngotmuk's ghost (average Deep Dwarf Fighter) comes into view.
Ngotmuk's ghost turns its malevolent gaze towards you.
You block Ngotmuk's ghost's attack.
You barely miss Ngotmuk's ghost. You block Ngotmuk's ghost's attack.
Ngotmuk's ghost barely misses you.
You hit Ngotmuk's ghost.
Ngotmuk's ghost is lightly damaged.
Ngotmuk's ghost hits you!
* * * LOW HITPOINT WARNING * * *
You hit Ngotmuk's ghost.
Ngotmuk's ghost is lightly damaged.
Ngotmuk's ghost completely misses you. Ngotmuk's ghost barely misses you.
You hit Ngotmuk's ghost.
Ngotmuk's ghost is moderately damaged.
Ngotmuk's ghost hits you!
You die...

#.# #.##.... #.#
#.##.##. #.#
#.##.##.
######.######.##.##.
#.............##.##.
#.###.#######....(..
# #.# #.......
#.###.# #.......
#.W@..# #.......
#.##..# #....... #
#..# #.##.... #..#*
#.###### #..., ..#
#.###* #### *... ,
... ...


You could see Ngotmuk's ghost.

Vanquished Creatures
  An adder (D:2)
  5 worms (D:2)
  A ball python (D:1)
  A giant cockroach (D:1)
  5 goblins (D:1)
  5 hobgoblins
  6 kobolds
  A quokka (D:2)
  A bat (D:1)
  3 giant newts (D:1)
  7 rats
36 creatures vanquished.

Notes
Turn   | Place    | Note
--------------------------------------------------------------
     0 | D:1      | Ngotmuk, the Deep Dwarf Fighter, began the quest for the Orb.
     0 | D:1      | Reached XP level 1. HP: 20/20 MP: 1/1
     3 | D:1      | Noticed an electric eel
     5 | D:1      | Noticed an electric eel
   198 | D:1      | Reached XP level 2. HP: 17/27 MP: 2/2
   909 | D:2      | Reached XP level 3. HP: 18/34 MP: 3/3
  1154 | D:2      | Noticed a moth of wrath
  1156 | D:2      | Found a bloodstained altar of Trog.
  1357 | D:3      | Noticed Ngotmuk's ghost (average DDFi)
  1362 | D:3      | Slain by Ngotmuk's ghost

Action                   || total
-------------------------++-------
Melee: War axe           ||   172
  Eat: Beef jerky        ||     1
